Map: Port Aleksander LE

Players

PtitDrogo

  • Race: Protoss Protoss
  • Spawn Location: 11:00

ShoWTimE - Winner!

  • Race: Protoss Protoss
  • Spawn Location: 5:00

Event: 2019 WCS Spring

VOD

Have the link to the VOD?

Description

Time

  • Played on: May 17, 2019, 1:47 p.m.
  • Length: 9:22

All games in this series

Show
View Real Time Build Order
Export as new Build Order

PtitDrogo Protoss 

Build Orders: Phoenix Opening 

Get SALT Encoding   

  12  0:00  Probe  
  13  0:13  Probe  
  14  0:18  Pylon  
  14  0:24  Probe  
  15  0:32  Probe  
  15  0:39  Gateway  
  15  0:40  Probe  
  16  0:46  Assimilator  
  17  0:51  Probe  
  17  0:55  Assimilator  
  18  0:59  Probe  
  19  1:07  Probe  
  19  1:16  Gateway  
  19  1:17  Probe  
  21  1:26  Cybernetics Core  
  21  1:29  Probe  
  22  1:36  Pylon  
  22  1:41  Probe  
  23  1:49  Warp Gate  
  23  1:54  Probe  
  24  2:03  Stalker, Sentry  
  24  2:06  Probe  
  29  2:11  Pylon  
  29  2:19  Probe  
  30  2:33  Stalker x2  
  34  2:38  Probe  
  35  2:58  Nexus  
  33  3:16  Probe  
  32  3:28  Probe  
  32  3:29  Pylon  
  33  3:35  Robotics Facility  
  33  3:37  Sentry x2  
  33  3:40  Probe  
  38  3:50  Phoenix  
  38  3:51  Gateway  
  38  3:52  Probe  
  39  4:01  Stalker  
  41  4:04  Sentry, Probe  
  44  4:13  Pylon  
  44  4:16  Probe  
  46  4:24  Observer  
  40  4:40  Stalker x2  
  44  4:46  Observer  
  44  4:51  Adept  
  47  5:01  Stalker  
  49  5:10  Stalker  
  49  5:12  Stalker  
  53  5:18  Adept  
  55  5:25  Pylon  
  54  5:33  Probe x2  
  55  5:35  Adept  
  55  5:41  Adept  
  58  5:44  Probe x2  
  57  5:52  Probe  
  57  5:53  Probe  
  59  6:00  Probe  
  59  6:01  Probe  
  59  6:02  Stalker  
  61  6:07  Phoenix  
  63  6:15  Stalker  
  64  6:24  Probe  
  65  6:37  Stalker x2  
  65  6:40  Observer  
  65  6:46  Immortal  
  60  7:04  Adept  
  62  7:09  Pylon  
  62  7:13  Pylon  
  62  7:22  Warp Prism  
  62  7:33  Sentry, Adept x2  
  62  7:34  Probe  
  70  7:37  Observer  
  70  7:38  Probe  
  71  7:49  Probe  
  71  7:50  Probe  
  73  7:54  Observer  
  73  7:55  Adept x2  
  78  8:06  Pylon  
  78  8:17  Probe  
  78  8:19  Probe  
  73  8:29  Probe  
  67  8:43  Twilight Council  
  67  8:47  Observer  
  67  8:48  Assimilator  
  66  8:50  Assimilator, Adept x2  
  71  8:59  Pylon  
  71  9:08  Adept  
  73  9:15  Adept x2  
Show
View Real Time Build Order
Export as new Build Order

ShoWTimE Protoss - Winner!

Build Orders: Phoenix Opening, Dark Templar Rush 

Get SALT Encoding   

  12  0:01  Probe  
  13  0:13  Probe  
  14  0:18  Pylon  
  14  0:24  Probe  
  15  0:32  Probe  
  15  0:37  Gateway  
  15  0:40  Probe  
  16  0:47  Assimilator  
  17  0:51  Probe  
  17  0:56  Assimilator  
  18  0:59  Probe  
  19  1:07  Probe  
  19  1:15  Gateway  
  19  1:17  Probe  
  21  1:26  Cybernetics Core  
  21  1:29  Probe  
  22  1:38  Pylon  
  22  1:42  Probe  
  23  1:56  Probe  
  24  2:02  Adept x2  
  24  2:04  Warp Gate  
  28  2:15  Twilight Council  
  28  2:22  Pylon  
  28  2:36  Sentry  
  30  2:52  Dark Shrine  
  30  3:00  Stalker  
  32  3:13  Probe  
  32  3:17  Nexus  
  32  3:19  Phoenix  
  31  3:25  Probe  
  32  3:32  Robotics Facility  
  32  3:39  Probe  
  33  3:45  Pylon  
  33  3:51  Probe  
  34  4:02  Probe  
  33  4:03  Dark Templar  
  33  4:05  Dark Templar  
  33  4:09  Warp Prism  
  38  4:10  Probe  
  39  4:18  Probe  
  42  4:29  Probe  
  42  4:30  Probe  
  44  4:37  Resonating Glaives  
  44  4:41  Immortal, Probe  
  44  4:42  Probe  
  50  4:58  Pylon  
  50  5:03  Adept  
  50  5:05  Sentry  
  54  5:11  Pylon  
  54  5:15  Immortal  
  54  5:20  Shield Battery  
  56  5:35  Zealot x2  
  59  5:42  Pylon  
  57  5:51  Gateway  
  57  5:56  Gateway  
  57  6:01  Pylon  
  57  6:10  Pylon  
  57  6:24  Adept x2  
  61  6:28  Gateway  
  61  6:29  Observer  
  56  6:47  Adept x2  
  56  7:04  Nexus  
  56  7:06  Adept  
  58  7:10  Adept  
  58  7:11  Adept  
  62  7:18  Pylon  
  62  7:32  Sentry  
  62  7:33  Sentry x2  
  62  7:35  Adept  
  70  7:47  Pylon  
  70  7:55  Adept x2  
  70  7:56  Adept  
  76  8:03  Adept  
  78  8:09  Pylon  
  71  8:34  Adept  
  71  8:35  Adept x3  
  71  8:38  Probe x2  
  81  8:56  Dark Templar, Adept x2  
  81  9:00  Adept, Archon  
  87  9:15  Adept  
  87  9:16  Adept  
Tags
 
Add a new tag
Caveats
  • Supply blocks, unpowered buildings, or Contaminate may cause inaccurate times.
  • Supply counts are checked every 10 seconds.